Map: 冰雪合金-天梯版

Players

iGMacSed (MacSed)

  • Race: Protoss Protoss

Silky - Winner!

  • Race: Zerg Zerg
  • League: Master

Event: DreamHack SC2 Masters 2020 Summer China

VOD

Have the link to the VOD?

Description

Time

  • Played on: July 4, 2020, 7:09 a.m.
  • Length: 5:17

All games in this series

Show
View Real Time Build Order
Export as new Build Order

iGMacSed Protoss 

Build Orders: 1 Gate Expand 

Get SALT Encoding   

  12  0:00  Probe  
  13  0:13  Probe  
  14  0:21  Pylon  
  14  0:25  Probe  
  15  0:35  Probe  
  16  0:43  Probe  
  16  0:48  Gateway  
  16  0:49  Assimilator  
  17  0:53  Probe  
  18  1:05  Probe  
  19  1:18  Probe  
  20  1:35  Cybernetics Core  
  20  1:38  Nexus  
  20  1:41  Probe  
  21  1:47  Pylon  
  21  1:53  Probe  
  22  1:56  Assimilator  
  22  2:01  Adept  
  22  2:05  Probe, Warp Gate  
  25  2:17  Probe  
  26  2:26  Probe  
  26  2:29  Sentry  
  27  2:34  Probe  
  29  2:39  Gateway  
  29  2:43  Probe  
  30  2:47  Gateway, Stalker  
  30  2:50  Probe  
  32  2:57  Probe  
  35  3:02  Probe  
  36  3:09  Probe  
  36  3:14  Probe  
  36  3:15  Pylon  
  37  3:21  Probe  
  37  3:26  Probe  
  41  3:33  Probe  
  40  3:38  Probe  
  41  3:42  Shield Battery  
  41  3:45  Forge, Probe  
  41  3:47  Pylon  
  40  3:49  Gateway  
  41  3:57  Cybernetics Core  
  41  3:59  Zealot x2  
  41  4:01  Zealot  
  34  4:23  Zealot x3  
  24  4:41  Adept x2  
  26  4:51  Sentry  
Show
View Real Time Build Order
Export as new Build Order

Silky Zerg - Winner!

Build Orders: Pool First 

Get SALT Encoding   

  12  0:00  Drone  
  13  0:12  Overlord  
  13  0:17  Drone  
  14  0:30  Drone x2  
  16  0:36  Drone  
  16  0:42  Extractor  
  16  0:46  Spawning Pool  
  16  0:49  Drone  
  16  0:55  Drone  
  17  1:06  Drone  
  18  1:21  Hatchery  
  18  1:22  Drone  
  18  1:28  Drone  
  19  1:37  Queen  
  21  1:43  Metabolic Boost  
  21  1:46  Zergling x2  
  22  1:53  Overlord  
  22  2:13  Zergling x4  
  24  2:20  Lair  
  24  2:29  Hatchery  
  23  2:34  Zergling x2  
  24  2:39  Zergling x2  
  24  2:42  Zergling x2  
  24  2:43  Zergling x2  
  27  2:48  Zergling x2  
  27  2:51  Zergling x2  
  29  2:54  Zergling x2  
  29  2:57  Zergling x2  
  31  3:07  Zergling x6  
  34  3:19  Nydus Network  
  33  3:20  Zergling x2  
  33  3:26  Zergling x2  
  35  3:29  Zergling x2  
  36  3:40  Overlord  
  35  3:42  Zergling x2  
  35  3:47  Zergling x2  
  35  3:50  Zergling x2  
  35  3:56  Nydus Canal  
  35  4:01  Zergling x4  
  37  4:04  Zergling x2  
  36  4:10  Zergling x2  
  36  4:15  Zergling x2  
  36  4:19  Zergling x2  
  36  4:20  Zergling x2  
  35  4:25  Nydus Canal  
  35  4:29  Zergling x2  
  36  4:34  Zergling x4  
  38  4:39  Zergling x2  
  38  4:42  Zergling x2  
  39  4:46  Zergling x2  
  39  4:51  Zergling x2  
  39  4:58  Zergling x2  
  39  4:59  Zergling x2  
Tags
 
Add a new tag
Caveats
  • Supply blocks, unpowered buildings, or Contaminate may cause inaccurate times.
  • Supply counts are checked every 10 seconds.